 Dungeon Crawl Stone Soup version 0.23.1-37-gaa34b87b72 (webtiles) character file.

Game seed: 12858824291845465294

41 Descartes the Magician (level 3, -2/16 HPs)
             Began as a Vine Stalker Wanderer on Mar 19, 2019.
             Slain by an adder (3 damage)
             ... on level 2 of the Dungeon.
             The game lasted 00:04:50 (1687 turns).

Descartes the Magician (Vine Stalker Wanderer)      Turns: 1687, Time: 00:04:51

Health: -2/16      AC:  2    Str: 14    XL:     3   Next: 52%
Magic:  0/10       EV: 11    Int: 12    God:
Gold:   44         SH:  0    Dex: 14    Spells: 6/11 levels left

rFire    . . .     SeeInvis .   a - +0 club
rCold    . . .     Gourm    .   (no shield)
rNeg     . . .     Faith    .   d - +0 robe
rPois    .         Spirit   +   (no helmet)
rElec    .         Reflect  .   (no cloak)
rCorr    .         Harm     .   (no gloves)
MR       .....                  (no boots)
Stlth    ++........             (no amulet)
HPRegen  0.05/turn              (no ring)
MPRegen  0.12/turn              (no ring)

@: lethally poisoned (-2 -> -11), very slightly contaminated
A: fangs 2, magic shield, antimagic bite, no potion heal 3, rot immunity
a: no special abilities


You were on level 2 of the Dungeon.
You were not hungry.

You visited 1 branch of the dungeon, and saw 2 of its levels.

You collected 44 gold pieces.

Inventory:

Hand Weapons
 a - a +0 club (weapon)
Armour
 d - a +0 robe (worn)
Jewellery
 g - an uncursed amulet of the gourmand {unknown}
Scrolls
 c - a scroll of random uselessness {unknown}
 e - a scroll of identify {unknown}
 h - a scroll of teleportation {unknown}
 j - a scroll of blinking {unknown}
 l - 2 scrolls of remove curse {unknown}
 m - a scroll of magic mapping {unknown}
Potions
 b - a potion of heal wounds {unknown}
 k - 2 potions of curing {unknown}
 n - a potion of might {unknown}
Comestibles
 f - a ration
 i - 2 chunks of flesh


   Skills:
 + Level 0.8 Dodging
 + Level 1.4 Stealth
 + Level 0.7 Unarmed Combat
 * Level 4.6 Spellcasting
 * Level 1.2 Conjurations
 * Level 3.1 Fire Magic
 * Level 1.5 Air Magic
   Level 1.0 Evocations


You had 6 spell levels left.
You knew the following spells:

 Your Spells              Type           Power        Failure   Level  Hunger
a - Flame Tongue          Conj/Fire      #....        9%          1    None
b - Shock                 Conj/Air       #...         12%         1    None
c - Static Discharge      Conj/Air       #.......     34%         3    ###....

Your spell library contained the following spells:

 Spells                   Type           Power        Failure   Level  Hunger
 Throw Flame              Conj/Fire      #.....       13%         2    ##.....
 Conjure Flame            Conj/Fire      #.......     26%         3    ###....
 Inner Flame              Hex/Fire       #.......     32%         3    ###....
 Sticky Flame             Conj/Fire      #.......     63%         4    ####...
 Fireball                 Conj/Fire      #.........   93%         5    ######.


Dungeon Overview and Level Annotations

Branches:
Dungeon (2/15)

Altars:


Innate Abilities, Weirdness & Mutations

You have extremely sharp teeth.
When hurt, damage is shared between your health and your magic reserves.
Your bite disrupts and absorbs the magic of your enemies.
Potions cannot restore your health.
You are immune to rotting.


Message History

The adder bites you.
* * * LOW HITPOINT WARNING * * *
The adder bites you.
* * * LOW HITPOINT WARNING * * *
You completely miss the adder.
The adder is heavily wounded.
* * * LOW HITPOINT WARNING * * *
You feel sick. The adder bites you.
* * * LOW HITPOINT WARNING * * *
You are more poisoned.
The adder poisons you! The adder closely misses you.
Casting: Shock (safe; 12% risk of failure)
Confirm with . or Enter, or press ? or * to list all spells.
Aiming: Flame Tongue (safe; 9% risk of failure)
Press: ? - help, Shift-Dir - straight line, f/p - adder
Aim: an adder (heavily wounded)
You miscast Flame Tongue.
You are very lightly contaminated with residual magic.
You feel uncomfortably hot. The adder bites you.
You die...

#.#............
#..............
###.......#####
#.#####..######
#.........#
######.#.#
#......#.#
#.######S# #.#
#@# #)# #.# #.#
#.# #.# ###.# #.#
#...######## #.#
#..........# #.#
#..#######.# #.#
#..# #.#
#.####..#######.#


You could see an adder.

Vanquished Creatures
  An ooze (D:1)
  2 dart slugs
  A leopard gecko (D:2)
  3 bats
  A giant cockroach (D:1)
  3 goblins
  6 hobgoblins (D:1)
  2 jackals (D:1)
  2 frilled lizards (D:1)
  4 kobolds (D:1)
  4 rats (D:1)
29 creatures vanquished.

Notes
Turn   | Place    | Note
-------+----------+-------------------------------------------
     0 | D:1      | Descartes the Vine Stalker Wanderer began the quest for the
                  | Orb.
     0 | D:1      | Descartes set off with the following items: a +0 club, a +0
                  | robe, a ration; and the following spells available to
                  | memorise: Flame Tongue, Shock, Throw Flame, Conjure Flame,
                  | Inner Flame, Static Discharge, Sticky Flame, Fireball
     0 | D:1      | Reached XP level 1. HP: 9/9 MP: 6/6
     2 | D:1      | Learned a level 1 spell: Flame Tongue
     4 | D:1      | Learned a level 1 spell: Shock
   303 | D:1      | Reached XP level 2. HP: 13/13 MP: 8/8
   751 | D:1      | Reached skill level 1 in Conjurations
  1033 | D:1      | Reached XP level 3. HP: 14/16 MP: 6/10
  1601 | D:2      | Learned a level 3 spell: Static Discharge
  1687 | D:2      | Slain by an adder

Skill      XL: |  1  2 |
---------------+-------+-----
Conjurations   | 1 |  1.2
Dodging        | |  0.8
Stealth        | |  1.4
Unarmed Combat | |  0.7
Spellcasting   | |  4.6
Fire Magic     | |  3.1
Air Magic      | |  1.5
Evocations     | |  1.0

Action                   || total
-------------------------++-------
Melee: Club              ||   118
       Bite              ||    25
 Cast: Shock             ||    10
       Flame Tongue      ||     1
 Stab: Sleeping          ||     3
  Eat: Chunk             ||     3
Armor: Robe              ||    42
Dodge: Dodged            ||   100
